 Dungeon Crawl Stone Soup version 0.32-a0-119-g2e8054a333 (webtiles) character file.

Game seed: 6968091488098602831

2090 CougarLife the Grappler (level 9, -2/96 HPs)
             Began as a Troll Fighter on Feb 6, 2024.
             Slain by a gnoll
             ... wielding a +0 hand axe
              (4 damage)
             ... in a bailey.
             The game lasted 00:06:35 (3929 turns).

CougarLife the Grappler (Troll Fighter)             Turns: 3929, Time: 00:06:36

Health: -2/96      AC:  4    Str: 30    XL:     9   Next: 6%
Magic:  8/8        EV:  9    Int:  4    God:
Gold:   341        SH:  7    Dex:  9    Spells: 8/8 levels left

rFire   . .          .
                       - Unarmed
rCold   . . .        b - +0 kite shield
rNeg    . . .        a - +0 robe
rPois   .            (helmet restricted)
rElec   .            (no cloak)
rCorr   .            (gloves unavailable)
SInv    .            (boots unavailable)
Will    +....        (no amulet)
Stlth   +            s - ring of willpower
HPRegen 1.16/turn    (no ring)
MPRegen 0.11/turn

%: no passive effects
@: no status effects
A: large, unfitting armour, claws 3, regeneration 1, shaggy fur 1, tough skin 1
a: no special abilities


You were in a bailey.
You visited 2 branches of the dungeon, and saw 8 of its levels.
You also visited: Bailey.

You collected 341 gold pieces.

Inventory:

Missiles
 p - a throwing net
 w - 7 poisoned darts (quivered)
 B - 6 boomerangs
Armour
 a - a +0 robe (worn)
 b - a +0 kite shield (worn)
Jewellery
 s - a ring of willpower (left claw)
Wands
 z - a wand of quicksilver (8)
Scrolls
 e - 5 scrolls of identify {unknown}
 f - 3 scrolls of blinking {unknown}
 g - 2 scrolls of amnesia {unknown}
 i - 2 scrolls of teleportation {unknown}
 l - a scroll of poison {unknown}
 m - 3 scrolls of fog {unknown}
 n - a scroll of revelation {unknown}
 o - 2 scrolls of enchant armour {unknown}
 q - a scroll of torment {unknown}
 t - 3 scrolls of fear {unknown}
 v - 2 scrolls of acquirement {unknown}
 y - 2 scrolls of enchant weapon {unknown}
Potions
 c - 3 potions of might
 d - 4 potions of heal wounds {unknown}
 h - 4 potions of attraction {unknown}
 j - a potion of enlightenment {unknown}
 k - 2 potions of magic {unknown}
 r - a potion of invisibility {unknown}
 u - a potion of haste {unknown}
 x - a potion of cancellation {unknown}
 A - 2 potions of curing {unknown}


   Skills:
 + Level 7.8 Fighting
 - Level 3.0 Dodging
 - Level 2.6 Shields
 - Level 8.0 Unarmed Combat


You had 8 spell levels left.
You didn't know any spells.
Your spell library contained the following spells:

 Spells                   Type           Power      Damage    Failure   Level
 Necrotise                Necr           0%         1d4       73%         1
 Jinxbite                 Hex            0%         N/A       86%         2
 Static Discharge         Conj/Air       0%         3-3/arc   86%         2
 Frozen Ramparts          Ice            0%         1d1       97%         3
 Ozocubu's Armour         Ice            0%         N/A       97%         3
 Vampiric Draining        Necr           0%         2d6       97%         3
 Airstrike                Air            0%         2d(0-16)  100%        4
 Leda's Liquefaction      Alch/Erth      0%         N/A       100%        4
 Martyr's Knell           Necr/Summ      0%         N/A       100%        4
 Petrify                  Alch/Erth      0%         N/A       100%        4
 Summon Lightning Spire   Summ/Air       0%         N/A       100%        4
 Curse of Agony           Necr           0%         N/A       100%        5
 Metabolic Englaciation   Hex/Ice        0%         N/A       100%        5
 Yara's Violent Unravell  Hex/Alch       0%         3d3       100%        5
 Sculpt Simulacrum        Ice/Alch       0%         N/A       100%        6
 Enfeeble                 Hex            0%         N/A       100%        7


Dungeon Overview and Level Annotations

Branches:
Dungeon (7/15)             Temple (1/1) D:6          Bailey (1/1)

Altars:
Ashenzari
Cheibriados
Dithmenos
Elyvilon
Fedhas
Hepliaklqana
Makhleb
Nemelex Xobeh
Okawaru
Qazlal
Ru
Sif Muna
Trog
Wu Jian
Xom
Yredelemnul
Zin


Innate Abilities, Weirdness & Mutations

You are too large for most types of armour.
You have claws for hands.
Your natural rate of healing is unusually fast.
You are covered in fur. (AC +1)
You have tough skin. (AC +1)


Message History

You scratch the human.
The human is heavily wounded.
The human hits you with a +0 heavy hand axe!
You closely miss the human.
The human is heavily wounded.
You closely miss the human.
The human is heavily wounded.
The human hits you with a +0 heavy hand axe!
You closely miss the human.
The human is heavily wounded.
The human hits you with a +0 heavy hand axe!!
You barely miss the human.
The human is heavily wounded.
You barely miss the human.
The human is heavily wounded.
The human hits you with a +0 heavy hand axe!
* * * LOW HITPOINT WARNING * * *
You barely miss the human.
The human is heavily wounded.
You mangle the human!!
You kill the human!
You have reached level 9!
Your experience leads to an increase in your attributes!
Increase (S)trength, (I)ntelligence, or (D)exterity?
You feel stronger. x3
The gnoll attacks as it pursues you! The gnoll hits you with a +0 hand axe.
* * * LOW HITPOINT WARNING * * *
You mangle the gnoll!!
You kill the gnoll!
You closely miss the gnoll. The gnoll hits you with a +0 hand axe.
* * * LOW HITPOINT WARNING * * *
You completely miss the gnoll. The gnoll hits you with a +0 hand axe.
* * * LOW HITPOINT WARNING * * *
The gnoll hits you with a +0 hand axe.
* * * LOW HITPOINT WARNING * * *
You scratch the gnoll but do no damage. The gnoll hits you with a +0 hand axe.
* * * LOW HITPOINT WARNING * * *
A goblin comes into view. It is wielding a +0 hand axe.
The gnoll hits you with a +0 hand axe.
You die...

#..
#..####+##
#...##~~~##
#...#~~~~~#
##.g.#~~~~~#
#....#~~~~~#
#p#†#~~##
##gg.####
#.@...#
#.∩.∩.#
#.....#
##...##
#####


You could see a human, 2 gnolls and a goblin.

Vanquished Creatures
  A wyvern (D:6)
  A human (Bailey)
  4 yaks (D:7)
  3 ogres
  A centaur (D:6)
  A phantom (D:4)
  A bullfrog (Bailey)
  2 scorpions
  2 hounds
  A jelly (D:6)
  A gnoll bouda (D:4)
  3 sleepcaps
  Terence (D:2)
  4 iguanas
  An orc wizard (D:6)
  8 gnolls
  9 adders
  A white imp (D:5)
  4 dart slugs
  3 ribbon worms
  5 orcs
  5 endoplasms
  2 giant cockroaches
  7 goblins
  9 hobgoblins
  5 jackals (D:2)
  3 quokkas
  14 ball pythons
  9 bats
  5 frilled lizards
  11 kobolds
  4 rats
131 creatures vanquished.

Notes
Turn   | Place    | Note
-------+----------+-------------------------------------------
     0 | D:1      | CougarLife the Troll Fighter began the quest for the Orb.
     0 | D:1      | Reached XP level 1. HP: 22/22 MP: 0/0
   123 | D:1      | Reached XP level 2. HP: 17/29 MP: 1/1
   437 | D:1      | Reached XP level 3. HP: 36/36 MP: 2/2
   721 | D:2      | Reached skill level 3 in Unarmed Combat
   885 | D:2      | Reached XP level 4. HP: 44/44 MP: 3/3
   983 | D:2      | Reached skill level 4 in Unarmed Combat
  1107 | D:2      | Noticed Terence
  1118 | D:2      | Killed Terence
  1440 | D:2      | Found a blossoming altar of Fedhas.
  1808 | D:3      | Reached XP level 5. HP: 42/50 MP: 4/4
  2077 | D:4      | Reached skill level 5 in Unarmed Combat
  2179 | D:4      | Noticed a phantom
  2190 | D:4      | Killed a phantom
  2191 | D:4      | Reached skill level 6 in Unarmed Combat
  2191 | D:4      | Reached XP level 6. HP: 59/59 MP: 5/5
  2259 | D:4      | Identified the +5 dagger of Pusheila {freeze, MP+9 Int+3
                  | Stlth+}
  2582 | D:5      | Entered Level 5 of the Dungeon
  2618 | D:5      | Reached skill level 7 in Unarmed Combat
  2667 | D:5      | Found a shadowy altar of Dithmenos.
  2716 | D:5      | Reached XP level 7. HP: 64/66 MP: 6/6
  2941 | D:5      | Reached skill level 8 in Unarmed Combat
  3303 | D:6      | Found a staircase to the Ecumenical Temple.
  3309 | D:6      | Got the Quarto of Algor
  3317 | Temple   | Entered the Ecumenical Temple
  3398 | D:6      | Noticed a wyvern
  3405 | D:6      | Killed a wyvern
  3471 | D:6      | Reached XP level 8. HP: 55/79 MP: 7/7
  3565 | D:6      | Reached skill level 5 in Fighting
  3859 | D:7      | Found a flagged portal.
  3877 | Bailey   | Entered a bailey
  3925 | Bailey   | Reached XP level 9. HP: 21/94 MP: 8/8
  3929 | Bailey   | HP: 2/96 [gnoll/+0 hand axe (4)]
  3929 | Bailey   | Slain by a gnoll

Illustrated notes

Levels and vault maps discovered:
D:1:      saegor_arrival_simple_d, layout_loops_ring
D:2:      layout_basic, basic_altar, uniq_terence
D:3:      layout_basic
D:4:      layout_cave_pools
D:5:      layout_cave_pools, grunt_dithmenos_smoke_and_mirrors,
          serial_park_tiny_pond
D:6:      layout_cave_pools, temple_fountains
D:7:      layout_loops_ring, nicolae_overflow_two_pavilions, enter_bailey_4,
          uniq_pikel, uniq_maggie
Temple:   kb_temple_of_zot
Bailey:   bailey_axe_froggy_fort_hellmonk, bailey

Skill      XL: |  1  2  3  4  5  6  7  8 |
---------------+-------------------------+-----
Dodging        | 3 |  3.0
Unarmed Combat | 3 4 6 7 8 |  8.0
Fighting       | 4 7 |  7.8
Shields        | |  2.6

Action                     |  1- 3 |  4- 6 |  7- 9 || total
---------------------------+-------+-------+-------++-------
  Melee: Unarmed           |   111 |   185 |   126 ||   422
  Throw: Dart              |       |       |     1 ||     1
   Stab: Sleeping          |       |     2 |       ||     2
 Armour: Robe              |    61 |    98 |    88 ||   247
  Dodge: Dodged            |    33 |    71 |    35 ||   139
  Block: Kite shield       |    41 |    63 |    34 ||   138

Table legend: (Time is in decaauts)
 A = Elapsed time spent in this place.
 B = Non-inter-level travel time spent in this place.
 C = Inter-level travel time spent in this place.
 D = Time resting spent in this place.
 E = Time spent auto-exploring this place.
 F = Levels seen in this place.
 G = Mean time per level.
                   A        B        C        D        E       F      G
               +--------+--------+--------+--------+--------+-----+--------+
         Total |   3934 |   3813 |    121 |    205 |   2587 |   9 |  437.1 |
       Dungeon |   3881 |   3760 |    121 |    196 |   2587 |   7 |  554.4 |
        Temple |      1 |      1 |      0 |      0 |      0 |   1 |    1.0 |
        Bailey |     50 |     50 |      0 |      9 |      0 |   1 |   50.0 |
               +--------+--------+--------+--------+--------+-----+--------+

Top non-repeatable levels by time:
     D:2: 935 daAuts
     D:1: 715 daAuts
     D:6: 631 daAuts
     D:5: 551 daAuts
     D:4: 540 daAuts
     D:3: 419 daAuts
     D:7: 88 daAuts
  Bailey: 50 daAuts
  Temple: 1 daAuts
